 Dungeon Crawl Stone Soup version 0.28.0-53-g5a82cb258f (webtiles) character file.

Game seed: 668674135779803858

8 Stomo the Ruffian (level 2, -1/23 HPs)
             Began as a Draconian Transmuter on July 6, 2022.
             Slain by a jackal (2 damage)
             ... on level 1 of the Dungeon.
             The game lasted 00:00:33 (138 turns).

Stomo the Ruffian (Draconian Transmuter)             Turns: 138, Time: 00:00:34

Health: -1/23      AC:  4    Str: 12    XL:     2   Next: 0%
Magic:  3/5        EV: 12    Int: 13    God:
Gold:   0          SH:  0    Dex: 11    Spells: 4/5 levels left

rFire   . . .      SeeInvis .     - Unarmed
rCold   . . .      Faith    .   (no shield)
rNeg    . . .      Spirit   .   (armour unavailable)
rPois   .          Reflect  .   (helmet restricted)
rElec   .          Harm     .   (no cloak)
rCorr   .          Rampage  .   (no gloves)
Will    .....                   (no boots)
Stlth   +.........              (no amulet)
HPRegen 0.07/turn               (no ring)
MPRegen 0.09/turn               (no ring)

@: no status effects
A: AC +4, unfitting armour, cold-blooded
a: no special abilities


You were on level 1 of the Dungeon.
You visited 1 branch of the dungeon, and saw 1 of its levels.

Inventory:

Jewellery
 a - a ring of willpower


   Skills:
 + Level 1.4 Fighting
 + Level 2.0 Dodging
 + Level 3.1 Unarmed Combat
 - Level 2.0 Spellcasting
 + Level 2.2 Transmutations


You had 4 spell levels left.
You knew the following spells:

 Your Spells              Type           Power      Damage    Failure   Level
a - Beastly Appendage     Tmut           14%        N/A       11%         1

Your spell library contained the following spells:

 Spells                   Type           Power      Damage    Failure   Level
 Wereblood                Tmut           7%         N/A       16%         2
 Spider Form              Tmut/Pois      4%         N/A       43%         3
 Ice Form                 Ice/Tmut       4%         N/A       85%         4


Dungeon Overview and Level Annotations

Branches:
Dungeon (1/15)

Altars:


Innate Abilities, Weirdness & Mutations

Your plain brown scales are hard. (AC +4)
You cannot fit into any form of body armour.
You are cold-blooded and may be slowed by cold attacks.


Message History

The jackal closely misses you.
The ball python bites you but does no damage.
The ball python grabs you. The ball python constricts you.
You hit the ball python. Your kick misses the ball python.
Your headbutt misses the ball python. You tail-slap the ball python.
You kill the ball python!
You feel sick. The jackal bites you. The kobold barely misses you.
The jackal misses you.
You have reached level 2!
Your transformation is almost over.
You feel sick.
You see here a bat corpse.
You feel sick.
You feel sick. The jackal misses you.
You feel sick.
You hit the jackal. Your kick misses the jackal.
The jackal is heavily wounded.
You feel sick. The jackal closely misses you. The jackal barely misses you.
You closely miss the jackal.
The jackal is heavily wounded.
You feel sick. The jackal closely misses you.
Unknown command.
You aren't carrying any potions.
Unknown command.
You aren't carrying any scrolls.
You feel sick.
You are no longer poisoned.
The jackal bites you but does no damage.
The kobold throws a stone.
The stone hits you but does no damage.
Your horns disappear.
Your talons disappear.
The jackal bites you but does no damage.
You see here 12 sling bullets.
The jackal bites you but does no damage.
The jackal barely misses you. The jackal closely misses you.
The jackal bites you but does no damage.
The jackal bites you.
* * * LOW HITPOINT WARNING * * *
The jackal bites you.
You die...

#.....##.# ##......###.#.#
##..##....# #..####..#....##
...######.###.## ##.#.....#
#### ##..##.# #.#.....##
##......## ##........#
#..≈§≈≈..####..≈≈≈≈...#
#######.≈§§§§§§.....≈≈≈≈≈≈..#
........§≈≈§§§§§><..≈≈≈≈≈≈...#
...(..§.§≈≈≈≈§.h@...≈≈≈≈≈≈.#.#
.........≈≈≈§K.......≈≈≈≈..#..#
#+######.......#.##........# .#
# #########.#########.# ..# .#
#.## .. ##


You could see a jackal and a kobold.

Vanquished Creatures
  An endoplasm (D:1)
  2 jackals (D:1)
  3 ball pythons (D:1)
  A bat (D:1)
  A frilled lizard (D:1)
8 creatures vanquished.

Notes
Turn   | Place    | Note
-------+----------+-------------------------------------------
     0 | D:1      | Stomo the Draconian Transmuter began the quest for the Orb.
     0 | D:1      | Reached XP level 1. HP: 16/16 MP: 3/3
   114 | D:1      | Reached XP level 2. HP: 9/23 MP: 1/5
   136 | D:1      | HP: 1/23 [jackal (2)]
   138 | D:1      | Slain by a jackal

Illustrated notes

Levels and vault maps discovered:
D:1:      dpeg_arrival_pits, layout_basic,
          dreamdust_ecumenical_altar_angels_and_demons, minivault_25

Skill      XL: |  1 |
---------------+----+-----
Dodging        | 2 |  2.0
Fighting       | |  1.4
Unarmed Combat | |  3.1
Spellcasting   | |  2.0
Transmutations | |  2.2

Action                   || total
-------------------------++-------
Melee: Unarmed           ||    20
       Kick              ||     3
       Headbutt          ||     2
       Tailslap          ||     1
       Punch             ||     1
 Cast: Beastly Appendage ||     4
Armor: Skin              ||    10
Dodge: Dodged            ||    25
